 Dungeon Crawl Stone Soup version 0.31-a0-265-gcf7e37af1d (webtiles) character file.

Game seed: 3445494082087001361

52 qw the Shooter (level 3, -1/21 HPs)
             Began as a Gargoyle Hexslinger on July 13, 2023.
             Frozen to death by an endoplasm (3 damage)
             ... on level 1 of the Dungeon.
             The game lasted 00:00:22 (895 turns).

qw the Shooter (Gargoyle Hexslinger)                 Turns: 895, Time: 00:00:23

Health: -1/21      AC:  8    Str: 11    XL:     3   Next: 85%
Magic:  4/4        EV: 10    Int: 13    God:
Gold:   66         SH:  0    Dex: 14    Spells: 3/4 levels left

rFire   . . .        Y - +2 sling
rCold   . . .        (no shield)
rNeg    + . .        m - +0 ring mail
rPois   inf          (no helmet)
rElec   +            (no cloak)
rCorr   .            (no gloves)
SInv    .            (no boots)
Will    .....        (no amulet)
Stlth   +            (no ring)
HPRegen 0.23/turn    (no ring)
MPRegen 0.09/turn

%: no passive effects
@: brilliant
A: sickness immunity, AC +3, negative energy resistance 1, electricity
resistance, torment resistance 1, petrification resistance
a: no special abilities


You were on level 1 of the Dungeon.
You visited 1 branch of the dungeon, and saw 2 of its levels.

You collected 66 gold pieces.


Innate Abilities, Weirdness & Mutations

You are immune to sickness and miasma.
Your stone body is resilient. (AC +3)
You are immune to poison.
You resist negative energy. (rN+)
You are resistant to electric shocks. (rElec)
You are resistant to unholy torment.
You are immune to petrification.


   Skills:
 - Level 2.0 Fighting
 + Level 3.7 Ranged Weapons
 - Level 1.5 Dodging
 - Level 1.0 Spellcasting
 - Level 2.6 Hexes


You had 3 spell levels left.
You knew the following spells:

 Your Spells              Type           Power      Damage    Failure   Level
a - Slow                  Hex            44%        N/A       22%         1

Your spell library contained the following spells:

 Spells                   Type           Power      Damage    Failure   Level
 Inner Flame              Hex/Fire       6%         N/A       75%         3
 Portal Projectile        Hex/Tloc       12%        N/A       75%         3
 Cause Fear               Hex            5%         N/A       92%         4

Inventory:

Hand Weapons
 Y - a +2 sling (weapon)
Armour
 m - a +0 ring mail (worn)
Scrolls
 a - a scroll of identify
Potions
 e - a potion of enlightenment {unknown}
 f - a potion of curing {unknown}
 h - a potion of berserk rage {unknown}
 j - a potion of lignification {unknown}
 k - a potion of mutation {unknown}

Dungeon Overview and Level Annotations

Branches:
Dungeon (2/15)

Altars:


Message History

You kill the adder!
The endoplasm closely misses you. The adder barely misses you.
The endoplasm freezes you.
You are frozen.
You shoot a sling bullet.
The sling bullet closely misses the adder.
The adder bites you but does no damage. The adder barely misses you.
The endoplasm closely misses you.
You shoot a sling bullet.
The sling bullet barely misses the adder.
The adder bites you but does no damage.
The endoplasm hits you but does no damage.
The adder bites you.
You shoot a sling bullet.
The sling bullet closely misses the adder.
The adder barely misses you.
The endoplasm hits you but does no damage.
The adder bites you but does no damage. The endoplasm hits you.
You shoot a sling bullet. The sling bullet hits the adder.
The adder is lightly wounded.
The adder closely misses you. The endoplasm freezes you.
You are frozen.
The adder bites you but does no damage.
You shoot a sling bullet. The sling bullet hits the adder.
The adder is severely wounded.
The endoplasm hits you but does no damage.
The adder misses you. The endoplasm freezes you.
You are frozen.
The adder bites you but does no damage.
You shoot a sling bullet.
The sling bullet barely misses the adder.
The adder bites you. The endoplasm completely misses you.
You shoot a sling bullet. The sling bullet hits the adder.
You kill the adder!
The endoplasm hits you but does no damage.
You shoot a sling bullet. The sling bullet hits the endoplasm.
The endoplasm is heavily wounded.
The endoplasm freezes you.
You are frozen.
You die...

....#.#.#.#.#........#..#
....#.#...#.#........#..#
....#.#####.#...........#
....#.......#######..##.#
....#.#####.#####...###.#
....#.#...#.....#.### #.#
....#.#.#.#.###.#.# #.#
....#.#.#.#.###%#.# #.#
..#.#...#.#.....@J# #.#
..#.#####.#....#### #.#
..#.......#....# #.#
....#####.#....# #.#
##..#...#.#.#### #.#
##.#.#.#.#.# #.#
#.#.#.#.#.# #.#
#.#.#...#.# #.#
#.#.#####.# #.#


You could see an endoplasm.

Vanquished Creatures
  2 adders (D:1)
  A dart slug (D:1)
  4 ball pythons
  3 endoplasms
  3 giant cockroaches (D:1)
  4 goblins (D:1)
  4 jackals (D:1)
  A kobold (D:1)
  A bat (D:1)
  4 frilled lizards (D:1)
  5 rats (D:1)
32 creatures vanquished.

Notes
Turn   | Place    | Note
-------+----------+-------------------------------------------
     0 | D:1      | qw the Gargoyle Hexslinger began the quest for the Orb.
     0 | D:1      | Reached XP level 1. HP: 12/12 MP: 2/2
     0 | D:1      | 0 ||| qw: Version: 0.3-a-52-g30416fa
     0 | D:1      | 0 ||| qw: Game counter: 7618
     0 | D:1      | 0 ||| qw: Melee chars always use a shield: true
     0 | D:1      | 0 ||| qw: God list: Okawaru
     0 | D:1      | 0 ||| qw: Allow faded altars: false
     0 | D:1      | 0 ||| qw: Do Orc after clearing Dungeon:15 true
     0 | D:1      | 0 ||| qw: Do second Lair branch before Depths: true
     0 | D:1      | 0 ||| qw: Lair rune preference: random
     0 | D:1      | 0 ||| qw: Goals: Normal
     0 | D:1      | 0 ||| PLANNING D:1-11
    52 | D:1      | Reached XP level 2. HP: 16/16 MP: 3/3
   112 | D:1      | 112 ||| FLEEEEING.
   248 | D:1      | Reached skill level 3 in Ranged Weapons
   493 | D:1      | Reached XP level 3. HP: 21/21 MP: 4/4
   820 | D:1      | 820 ||| UPGRADING to +0 leather armour.
   830 | D:1      | 830 ||| DROPPING +0 robe.
   831 | D:1      | 831 ||| UPGRADING to +0 ring mail.
   841 | D:1      | 841 ||| DROPPING +0 leather armour.
   842 | D:1      | 842 ||| READING 2 scrolls labelled QORYAT XUCUCIAM.
   843 | D:1      | 843 ||| READING scroll labelled FENECO KEHIDIPH.
   844 | D:1      | 844 ||| DRINKING 2 purple potions.
   845 | D:1      | 845 ||| DROPPING scroll of poison.
   846 | D:1      | 846 ||| DROPPING potion of brilliance.
   879 | D:2      | 879 ||| STAIRDANCE
   889 | D:1      | HP: 5/21 [adder (1)]
   892 | D:1      | HP: 2/21 [frozen (1)]
   895 | D:1      | Frozen to death by an endoplasm

Levels and vault maps discovered:
D:1:      psy_arrival_conway, layout_basic, roderic_lattice_a,
          minmay_curled_crystal
D:2:      layout_rooms, kennysheep_potato

Skill      XL: |  1  2 |
---------------+-------+-----
Ranged Weapons | 3 |  3.7
Fighting       | 2 |  2.0
Dodging        | |  1.5
Spellcasting   | |  1.0
Hexes          | |  2.6

Action                     || total
---------------------------++-------
   Fire: Sling             ||    83
    Use: Scroll            ||     2
         Potion            ||     1
 Armour: Robe              ||     7
         Ring mail         ||    35
  Dodge: Dodged            ||    50

Table legend:
 A = Non-vault XP
 B = Vault XP
 C = Vault XP percentage of total XP
 D = Non-vault monster count
 E = Vault monster count
 F = Vault count percentage of total count
                 A         B        C        D         E       F
            +---------+---------+-------+---------+---------+-------
      Total |      75 |       0 |   0.0 |      32 |       0 |   0.0
            +---------+---------+-------+---------+---------+-------
        D:1 |      72 |       0 |   0.0 |      30 |       0 |   0.0
        D:2 |       3 |       0 |   0.0 |       2 |       0 |   0.0
            +---------+---------+-------+---------+---------+-------
